 Dungeon Crawl Stone Soup version 0.31.0-32-g396128a36d (webtiles) character file.

Game seed: 4274360886876886311

67 jagang the Slasher (level 4, 0/35 HPs)
             Began as a Human Monk on Mar 12, 2024.
             Was an Initiate of Ashenzari.
             Slain by Sigmund
             ... wielding a +0 scythe
              (11 damage)
             ... on level 3 of the Dungeon.
             The game lasted 00:03:28 (1688 turns).

jagang the Slasher (Human Monk)                     Turns: 1688, Time: 00:03:29

Health: 0/35       AC:  2    Str: 11    XL:     4   Next: 18%
Magic:  4/4        EV: 14    Int: 10    God:    Ashenzari [......]
Gold:   82         SH:  0    Dex: 18    Spells: 3/3 levels left

rFire   . . .        r - +4 short sword
rCold   . . .        d - orb {light}
rNeg    . . .        b - +0 robe of the Restrained Welkin {Bglg, Cun} (curse)
rPois   +            (no helmet)
rElec   .            (no cloak)
rCorr   .            (no gloves)
SInv    .            (no boots)
Will    +....        (no amulet)
Stlth   +            i - ring of willpower
HPRegen 0.25/turn    q - ring of poison resistance
MPRegen 0.09/turn

%: no passive effects
@: glowing
A: explore regen
a: Renounce Religion, Shatter the Chains


You were on level 3 of the Dungeon.
You worshipped Ashenzari.
Ashenzari was noncommittal.
You visited 1 branch of the dungeon, and saw 3 of its levels.

You collected 82 gold pieces.

Inventory:

Hand Weapons
 a - a +0 falchion
 r - a +4 short sword (weapon)
Armour
 b - the cursed +0 robe of the Restrained Welkin (worn) {Bglg, Cun}

   It has a curse which improves the following skills: Beguiling: Hexes and
   Translocations.
   Cunning:   Dodging and Stealth.
 d - an orb of light (worn)
Jewellery
 i - a ring of willpower (left hand)
 q - a ring of poison resistance (right hand)
Scrolls
 e - 2 scrolls of enchant weapon {unknown}
 g - a scroll of immolation {unknown}
 j - a scroll of enchant armour {unknown}
 l - a scroll of fear {unknown}
 m - a scroll of torment {unknown}
 n - a scroll of blinking {unknown}
 p - a scroll of noise {unknown}
Potions
 c - a potion of ambrosia
 f - a potion of curing {unknown}
 h - 3 potions of lignification {unknown}
 k - a potion of heal wounds {unknown}
 o - a potion of degeneration {unknown}
 s - a potion of invisibility {unknown}


   Skills:
 + Level 3.4 Fighting
 * Level 3.9 Long Blades
 + Level 1.3 Armour
 + Level 3.4(3.8) Dodging


You had 3 spell levels left.
You didn't know any spells.
Your spell library was empty.

Dungeon Overview and Level Annotations

Branches:
Dungeon (3/15)

Altars:
Ashenzari

Annotations:
D:3 Sigmund


Innate Abilities, Weirdness & Mutations

You regain HP and MP as you explore.


Message History

You are too confused!
You hit the rat.
The rat is moderately wounded.
The rat closely misses you.
Sigmund hits you from afar with a +0 scythe!
The rat closely misses you. Sigmund barely misses you.
You're too confused to move!
The kobold misses you. The rat bites you but does no damage.
You're too confused to move!
Sigmund barely misses you.
The kobold hits you with a +1 short sword of venom.
The rat closely misses you.
You hit the rat.
You kill the rat!
The kobold closely misses you. Sigmund misses you.
You hit the kobold.
The kobold is heavily wounded.
The kobold closely misses you.
You hit the kobold.
You kill the kobold!
Sigmund closely misses you.
You feel less confused.
Sigmund mumbles some strange words.
Sigmund flickers and vanishes for a moment.
You see here a +0 spear.
Sigmund gestures at you while chanting. The magic dart hits you!
Things that are here:
a +0 whip; 6 poisoned darts You hit Sigmund.
Sigmund is moderately wounded.
Sigmund hits you with a +0 scythe!
You hit Sigmund.
Sigmund is heavily wounded.
Sigmund gestures at you while chanting. You resist with almost no effort.
You puncture Sigmund!
Sigmund is severely wounded.
Sigmund hits you with a +0 scythe!
You die...
Sigmund begins carving another notch in his scythe.

#.#.. .. #.
#.... ..#
#$###.#.##..#
#...#..>#..#
#..........#
#.......>.###..
#...@...[...
#...@†).#
#...)...#
#.#...### #
###..## .#
##...#.#
#......#
##<..#.#
#..#...#
...#.#..#


You could see Sigmund (invisible).

Vanquished Creatures
  2 adders (D:2)
  2 dart slugs
  4 bats
  6 endoplasms
  3 giant cockroaches (D:1)
  5 goblins
  3 hobgoblins
  2 quokkas (D:2)
  6 ball pythons
  2 frilled lizards
  3 kobolds
  3 rats
41 creatures vanquished.

Notes
Turn   | Place    | Note
-------+----------+-------------------------------------------
     0 | D:1      | jagang the Human Monk began the quest for the Orb.
     0 | D:1      | Reached XP level 1. HP: 18/18 MP: 1/1
   103 | D:1      | Reached XP level 2. HP: 24/24 MP: 2/2
   632 | D:1      | Found a faded altar of an unknown god.
   638 | D:1      | Prayed at the altar of an unknown god.
   638 | D:1      | Became a worshipper of Ashenzari the Shackled
   640 | D:1      | Reached XP level 3. HP: 29/29 MP: 3/3
   915 | D:2      | Reached skill level 1 in Armour
  1295 | D:2      | Reached XP level 4. HP: 21/35 MP: 4/4
  1671 | D:3      | Noticed Sigmund
  1688 | D:3      | Slain by Sigmund

Illustrated notes

Levels and vault maps discovered:
D:1:      onia_arrival_handbag, layout_basic,
          shapermc_ecumenical_altar_mp_highgroup
D:2:      layout_loops_ring
D:3:      layout_loops_ring, brannock_xom_greatest_gift, uniq_sigmund

Skill      XL: |  1  2  3 |
---------------+----------+-----
Armour         | 1 |  1.3
Fighting       | |  3.4
Long Blades    | |  3.9
Dodging        | |  3.4

Action                     |  1- 3 |  4- 6 || total
---------------------------+-------+-------++-------
  Melee: Falchion          |    79 |     5 ||    84
         Short sword       |       |    18 ||    18
 Invoke: Curse Item        |       |     1 ||     1
 Armour: Robe              |    44 |    10 ||    54
  Dodge: Dodged            |    51 |    24 ||    75
